Map: Prion Terraces

Players

WujekStefan

  • Race: Zerg Zerg
  • League: Master

Miszu - Winner!

  • Race: Terran Terran
  • League: Grandmaster

VOD

Have the link to the VOD?

Description

Time

  • Played on: May 13, 2016, 1:22 p.m.
  • Length: 4:08
Show
View Real Time Build Order
Export as new Build Order

WujekStefan Zerg 

Build Orders: Hatch First 

Get SALT Encoding   

  12  0:01  Drone  
  13  0:13  Overlord  
  13  0:17  Drone  
  14  0:32  Drone  
  14  0:33  Drone  
  16  0:36  Drone  
  17  0:53  Hatchery  
  17  0:56  Drone  
  17  1:00  Drone  
  17  1:02  Extractor  
  17  1:25  Extractor  
  16  1:26  Spawning Pool  
  15  1:37  Drone x3  
  18  1:56  Drone  
  18  1:59  Overlord  
  19  2:13  Queen x2  
  23  2:18  Roach Warren  
  23  2:21  Zergling x2  
  23  2:24  Zergling x2  
  23  2:38  Spore Crawler  
  23  2:40  Spore Crawler  
  21  2:49  Extractor  
  22  2:56  Drone  
  22  2:57  Roach x3  
  29  3:00  Drone  
  24  3:20  Roach x3  
  28  3:34  Roach  
  28  3:35  Roach x2  
  34  3:47  Ravager  
Show
View Real Time Build Order
Export as new Build Order

Miszu Terran - Winner!

Build Orders:  

Get SALT Encoding   

  12  0:00  SCV  
  13  0:12  SCV  
  14  0:17  Supply Depot  
  14  0:24  SCV  
  15  0:38  SCV  
  15  0:39  Barracks  
  16  0:43  Refinery  
  16  0:50  SCV  
  17  1:00  Barracks  
  17  1:03  SCV  
  18  1:15  SCV  
  19  1:28  Reaper, Orbital Command  
  20  1:35  Supply Depot  
  20  1:47  Reaper  
  20  1:53  SCV  
  22  2:02  Reaper  
  22  2:06  SCV  
  24  2:10  Command Center  
  24  2:20  Reaper  
  24  2:21  SCV  
  26  2:33  SCV  
  27  2:45  Reaper, SCV  
  29  2:56  Command Center  
  29  2:57  Barracks Reactor, SCV  
  30  3:09  SCV  
  31  3:13  Refinery  
  31  3:22  SCV  
  32  3:28  Barracks  
  32  3:29  Barracks Tech Lab  
  32  3:32  Orbital Command  
  32  3:41  Marine  
  32  3:42  Marine  
  32  3:45  SCV  
  36  4:00  Supply Depot  
Tags
 
Add a new tag
Caveats
  • Supply blocks, unpowered buildings, or Contaminate may cause inaccurate times.
  • Supply counts are checked every 10 seconds.